 Dungeon Crawl Stone Soup version 0.31.0-11-ge490571c62 (webtiles) character file.

Game seed: 3366032324597248621

5335 jasper the Fighter (level 10, 0/96 HPs)
             Began as a Minotaur Berserker on Jan 28, 2024.
             Was an Elder of Trog.
             Slain by an orc warlord
             ... wielding a +2 broad axe
              (14 damage)
             ... in a bailey.
             The game lasted 00:14:42 (7347 turns).

jasper the Fighter (Minotaur Berserker)             Turns: 7347, Time: 00:14:43

Health: 0/96       AC: 20    Str: 26    XL:     10   Next: 38%
Magic:  9/9        EV:  9    Int:  7    God:    Trog [****..]
Gold:   281        SH:  0    Dex: 10    Spells: 9/9 levels left

rFire   + . .        r - +1 war axe
rCold   . . .        (no shield)
rNeg    . . .        v - +0 plate armour
rPois   .            J - +1 hat {Int+3}
rElec   .            s - +0 cloak
rCorr   .            A - +1 pair of gloves
SInv    .            q - +0 pair of boots
Will    .....        (no amulet) Stlth
                     F - ring of protection from fire
HPRegen 0.36/turn    (no ring)
MPRegen 0.11/turn

%: no passive effects
@: mighty, on berserk cooldown, slowed, invisible, very slow
A: horns 2, retaliatory headbutt
a: Renounce Religion, Berserk, Trog's Hand, Brothers in Arms


You were in a bailey.
You worshipped Trog.
Trog was greatly pleased with you.
You visited 1 branch of the dungeon, and saw 8 of its levels.
You also visited: Bailey.

You collected 371 gold pieces.
You spent 90 gold pieces at shops.

Inventory:

Hand Weapons
 a - a +0 hand axe
 f - a +0 flail
 i - a +1 whip of freezing
 p - a +2 hand axe of freezing
 r - a +1 war axe (weapon)
 u - a +3 antimagic hand axe
 B - a +2 flail of draining
 G - a +0 heavy morningstar
 H - a +0 war axe
 L - a +0 battleaxe
Missiles
 d - 66 stones
 e - 3 poisoned darts
 l - 3 darts of dispersal
 m - 22 boomerangs (quivered)
 y - 5 javelins
 C - 6 curare-tipped darts
Armour
 b - a +0 animal skin
 h - a +0 ring mail
 k - a +0 chain mail
 q - a +0 pair of boots (worn)
 s - a +0 cloak (worn)
 v - a +0 plate armour (worn)
 A - a +1 pair of gloves (worn)
 J - a +1 hat of intelligence (worn)
Jewellery
 F - a ring of protection from fire (left hand)
Wands
 o - a wand of mindburst (1)
 t - a wand of polymorph (4)
 D - a wand of quicksilver (6)
Scrolls
 x - a scroll of immolation
 z - a scroll of identify
 I - a scroll of fear
 N - a scroll of teleportation
 P - a scroll of enchant armour
Potions
 c - 4 potions of mutation
 g - 4 potions of curing
 j - 4 potions of haste
 w - a potion of ambrosia
 E - a potion of might
 M - a potion of magic


   Skills:
 + Level 11.4 Fighting
 - Level 11.0 Axes
 - Level 10.0 Armour
 + Level 5.2 Dodging


You had 9 spell levels left.
You didn't know any spells.
Your spell library was empty.

Dungeon Overview and Level Annotations

Branches:
Dungeon (8/15)             Temple (0/1) D:4          Bailey (1/1)
   Lair: D:8-11

Altars:
Ashenzari
Sif Muna
Uskayaw
Zin

Shops:
D:7 [


Innate Abilities, Weirdness & Mutations

You have a pair of horns on your head.
You reflexively headbutt those who attack you in melee.


Message History

You headbutt the orc warlord!
The orc warlord is severely wounded.
You are no longer berserk.
You are exhausted.
You feel yourself slow down.
The orc warlord hits you but does no damage.
You don't know any spells.
Okay, then.
You fail to use your ability.
The orc warlord hits you with a +2 broad axe!
You fail to use your ability.
The orc warlord hits you but does no damage.
The orc warlord hits you with a +2 broad axe!
You fail to use your ability.
The orc warlord hits you with a +2 broad axe.
You fail to use your ability.
The orc warlord hits you with a +2 broad axe.
The orc warlord hits you with a +2 broad axe!!
* * * LOW HITPOINT WARNING * * *
You feel much better. The orc warlord barely misses you.
You furiously retaliate!
You headbutt the orc warlord!
You fade into invisibility!
The orc warlord hits you with a +2 broad axe!
The orc warlord hits you with a +2 broad axe.
You feel very mighty all of a sudden.
The orc warlord hits you with a +2 broad axe!
You barely miss the orc warlord. You headbutt the orc warlord!
The orc warlord is almost dead.
The orc warlord barely misses you.
The orc warlord hits you with a +2 broad axe!
* * * LOW HITPOINT WARNING * * *
You hit the orc warlord. Your headbutt misses the orc warlord.
The orc warlord is almost dead.
The orc warlord hits you with a +2 broad axe!
* * * LOW HITPOINT WARNING * * *
You catch the helpless orc warlord completely off-guard!
You hit the orc warlord.
The orc warlord is almost dead.
The orc warlord hits you with a +2 broad axe!
You die...

##### ##### ##...## ##...##
##.....## ##.....##
##.......#######.......##
##..8..8...........8..8..##
#..........)..............#
#..........)).)@..........#
#...8......#''o#......8...#
##......####~~~####))....##
♣##.....#~~~~~~~~~#.....##♣
♣.##....#~.8...8.~#....##.♣
♣♣..###'###.......###'###..♣♣
♣...~~~.#~~.8...8.~~#.~~~...♣
♣...~~~.#~.........~#.~~~...♣♣
∩...~~~.#~....∩....~#.~~~...∩♣


You could see an orc warlord (unable to see you).

Vanquished Creatures
  Gastronok (D:8)
  Pikel (D:4)
  Maggie (D:7)
  A troll (D:8)
  A wraith (D:5)
  2 steam dragons
  Edmund (D:4)
  3 water moccasins
  2 black bears
  3 orc warriors
  3 sky beasts
  2 ogres (D:5)
  3 phantoms
  6 bullfrogs
  A gnoll sergeant (D:7)
  2 scorpions
  2 bombardier beetles
  4 hounds
  An orc priest (D:5)
  3 iguanas (D:5)
  8 orc wizards
  A sleepcap (D:7)
  9 gnolls
  10 adders
  A white imp (D:7)
  4 dart slugs
  26 orcs
  A ball python (D:2)
  6 endoplasms
  7 giant cockroaches
  15 goblins
  10 hobgoblins
  2 jackals (D:4)
  3 quokkas
  3 bats
  A frilled lizard (D:1)
  18 kobolds
  6 rats
174 creatures vanquished.

Notes
Turn   | Place    | Note
-------+----------+-------------------------------------------
     0 | D:1      | jasper the Minotaur Berserker began the quest for the Orb.
     0 | D:1      | Reached XP level 1. HP: 19/19 MP: 0/0
   396 | D:1      | Reached XP level 2. HP: 24/26 MP: 1/1
   755 | D:2      | Reached skill level 5 in Axes
   755 | D:2      | Reached XP level 3. HP: 24/31 MP: 2/2
   959 | D:2      | Reached ** piety under Trog
  1669 | D:3      | Found a faded altar of an unknown god.
  1673 | D:3      | Found a hide-covered altar of Uskayaw.
  2254 | D:4      | Noticed a scorpion
  2285 | D:4      | Reached XP level 4. HP: 16/39 MP: 3/3
  2479 | D:4      | Found a broken altar of Ashenzari.
  2567 | D:4      | Noticed Edmund
  2622 | D:5      | Entered Level 5 of the Dungeon
  2685 | D:5      | Noticed a black bear
  2689 | D:5      | Killed a black bear
  2690 | D:5      | Reached XP level 5. HP: 45/45 MP: 4/4
  2857 | D:5      | Reached XP level 6. HP: 46/51 MP: 5/5
  3387 | D:5      | Reached XP level 7. HP: 57/57 MP: 6/6
  3548 | D:5      | Reached skill level 10 in Axes
  3883 | D:6      | Found Zin's Purification Station.
  3886 | D:6      | Found a glowing silver altar of Zin.
  3893 | D:6      | Bought a potion of curing for 90 gold pieces
  3893 | D:6      | Noticed a steam dragon
  3909 | D:6      | Killed a steam dragon
  3910 | D:6      | Reached XP level 8. HP: 55/67 MP: 7/7
  3934 | D:6      | Reached skill level 5 in Fighting
  4125 | D:5      | Reached skill level 5 in Armour
  4294 | D:5      | Reached *** piety under Trog
  4607 | D:6      | Found a shimmering blue altar of Sif Muna.
  4912 | D:4      | Killed Edmund
  5113 | D:4      | Found a staircase to the Ecumenical Temple.
  5418 | D:4      | Noticed Pikel
  5435 | D:4      | Killed Pikel
  5436 | D:4      | Reached XP level 9. HP: 81/82 MP: 8/8
  5950 | D:7      | Noticed Maggie
  5965 | D:7      | Killed Maggie
  6033 | D:7      | Found Baseju's Armour Shoppe.
  6071 | D:7      | Identified the +1 ring mail "Suunk" {Harm rC+ Slay+3}
  6485 | D:7      | Reached skill level 10 in Fighting
  6668 | D:8      | Noticed a troll
  6788 | D:8      | Noticed Gastronok
  6789 | D:8      | Found the Hermit's Pendant {Faith Invo=14 Evo=0 MP+5}
  6802 | D:8      | Killed Gastronok
  6803 | D:8      | Reached skill level 10 in Armour
  6803 | D:8      | Reached XP level 10. HP: 95/95 MP: 9/9
  6838 | D:8      | Reached skill level 5 in Dodging
  6858 | D:8      | Found a flagged portal.
  6866 | Bailey   | Entered a bailey
  6937 | Bailey   | Noticed an orc warlord
  6999 | Bailey   | Reached **** piety under Trog
  7019 | Bailey   | Found a runed translucent gate.
  7019 | Bailey   | Found a runed translucent gate.
  7019 | Bailey   | Found a runed translucent gate.
  7347 | Bailey   | Slain by an orc warlord

Illustrated notes

Levels and vault maps discovered:
D:1:      minmay_arrival_shoal_huts, layout_rooms
D:2:      layout_basic
D:3:      layout_loops_cross, nicolae_overflow_ecumenical_swirl,
          minmay_misc_feat_hallway, dk_noncrumbling_4
D:4:      layout_loops_corners, ashenzari_altar_1,
          minmay_temple_entry_stoned_glass, gup_sewer_entry_glass,
          minmay_misc_feat_square, st_stairs_6, minmay_stone_trees_small,
          grunt_ministairs_6, hangedman_decor_clover_reticule,
          minmay_small_thing, uniq_edmund, uniq_pikel
D:5:      layout_cave_pods
D:6:      layout_rooms, zin_purify, lemuel_blue_sif_altar
D:7:      layout_loops_ring, serial_shops, nicolae_shop_tiny_waterfront,
          uniq_maggie
D:8:      layout_cave_pools, enter_bailey_3, minmay_chambers_of_fives,
          uniq_gastronok
Bailey:   bailey_axe_bossmonster_kennysheep, bailey

Skill      XL: |  1  2  3  4  5  6  7  8  9 10 |
---------------+-------------------------------+-----
Axes           | 4 5 6 7 8 9 11 | 11.0
Fighting       | 4 8 11 | 11.4
Armour         | 3 7 10 | 10.0
Dodging        | 4 5 |  5.2

Action                     |  1- 3 |  4- 6 |  7- 9 | 10-12 || total
---------------------------+-------+-------+-------+-------++-------
  Melee: Hand axe          |    93 |    85 |    18 |       ||   196
         Headbutt          |     8 |    11 |    55 |    10 ||    84
         Punch             |     1 |       |     1 |       ||     2
         War axe           |       |       |   235 |    58 ||   293
  Throw: Stone             |     8 |       |       |       ||     8
         Boomerang         |     4 |     6 |    22 |       ||    32
 Invoke: Berserk           |       |     1 |     7 |     1 ||     9
         Trog's Hand       |       |     1 |     2 |     1 ||     4
  Evoke: Wand              |       |     4 |       |       ||     4
    Use: Scroll            |     6 |     3 |     7 |     3 ||    19
         Potion            |       |       |       |     3 ||     3
   Stab: Invisible         |       |       |       |     1 ||     1
 Armour: Animal skin       |     7 |       |       |       ||     7
         Ring mail         |    37 |     4 |       |       ||    41
         Chain mail        |       |    41 |    75 |       ||   116
         Plate armour      |       |       |   147 |    96 ||   243
  Dodge: Dodged            |    43 |    34 |    79 |    37 ||   193
